 Dungeon Crawl Stone Soup version 0.31.0-12-g77e489cdc1 (webtiles) character file.

Game seed: 3743744624729261454

117 Vncvd the Covert (level 4, 0/23 HPs)
             Began as a Spriggan Brigand on Feb 16, 2024.
             Was a Follower of Jiyva.
             Slain by a gnoll
             ... wielding a +0 whip
              (7 damage)
             ... on level 3 of the Dungeon.
             The game lasted 00:04:04 (1572 turns).

Vncvd the Covert (Spriggan Brigand)                 Turns: 1572, Time: 00:04:04

Health: 0/23       AC:  3    Str:  9    XL:     4   Next: 71%
Magic:  5/5        EV: 16    Int: 12    God:    Jiyva [*.....]
Gold:   139        SH:  0    Dex: 16    Spells: 3/3 levels left

rFire   . . .        g - +0 dagger (venom)
rCold   . . .        (no shield)
rNeg    . . .        b - +0 robe
rPois   .            (helmet restricted)
rElec   .            c - +0 cloak
rCorr   .            (gloves unavailable)
SInv    +            (boots unavailable)
Will    .....        (no amulet)
Stlth   ++++         (no ring)
HPRegen 1.03/turn    (no ring)
MPRegen 0.49/turn

%: no passive effects
@: very quick
A: very small, no large weapons, unfitting armour, see invisible, speed 3
a: Renounce Religion


You were on level 3 of the Dungeon.
You worshipped Jiyva.
Jiyva was aware of your devotion.
You visited 1 branch of the dungeon, and saw 3 of its levels.

You collected 139 gold pieces.

Inventory:

Hand Weapons
 a - a +2 dagger
 g - a +0 dagger of venom (weapon)
Missiles
 d - 16 poisoned darts (quivered)
 e - 3 curare-tipped darts
Armour
 b - a +0 robe (worn)
 c - a +0 cloak (worn)
Scrolls
 j - a scroll of poison {unknown}
 k - a scroll of identify {unknown}
 m - a scroll of immolation {unknown}
 o - a scroll of enchant armour {unknown}
 p - 2 scrolls of teleportation {unknown}
 r - 2 scrolls of butterflies {unknown}
Potions
 f - a potion of cancellation {unknown}
 h - a potion of lignification {unknown}
 i - a potion of heal wounds {unknown}
 l - a potion of berserk rage {unknown}
 n - a potion of mutation {unknown}
 q - a potion of brilliance {unknown}
 s - a potion of haste {unknown}


   Skills:
 + Level 1.9 Fighting
 * Level 3.1 Short Blades
 + Level 2.0 Throwing
 - Level 1.3 Dodging
 * Level 8.4 Stealth


You had 3 spell levels left.
You didn't know any spells.
Your spell library was empty.

Dungeon Overview and Level Annotations

Branches:
Dungeon (3/15)

Altars:
Jiyva


Innate Abilities, Weirdness & Mutations

You are very small and have problems with some larger weapons.
You are too small for most types of armour.
You have supernaturally acute eyesight. (SInv)
You cover ground extremely quickly. (Speed+++)


Message History

There is a stone staircase leading down here.
You climb downwards.
Found 12 gold pieces.
There is a stone staircase leading up here.
Okay, then.
A gnoll comes into view. It is wielding a +0 whip.
You closely miss the quokka. The quokka bites you.
You hit the quokka.
The quokka is poisoned.
The quokka is moderately wounded.
The quokka misses you.
You barely miss the quokka.
The quokka is almost dead.
The ball python hisses angrily.
You hear a shout! x2
You kill the quokka!
You hear an angry hiss.
A gnoll comes into view. It is wielding a +0 whip.
A ball python comes into view.
You see here a quokka corpse. 2 gnolls come into view.
The gnoll shouts!
The ball python bites you but does no damage.
The ball python closely misses you.
You closely miss the ball python.
The ball python bites you but does no damage.
The ball python completely misses you.
You see here a quokka corpse.
There is a stone staircase leading up here.
You hit the gnoll but do no damage. You closely miss the gnoll.
The gnoll hits you with a +0 whip! The ball python closely misses you. x2
You barely miss the gnoll. The gnoll barely misses you.
The ball python closely misses you. x2
The ball python bites you but does no damage.
The ball python grabs you.
You stop ascending the stairs.
The ball python constricts you.
The gnoll hits you from afar with a +0 halberd!
The gnoll misses you.
You escape the ball python's grasp.
The gnoll misses you. The gnoll hits you with a +0 whip.
The gnoll hits you with a +0 whip!
You die...

..#####..#.##
#...........####
.
#.........#.....
..##.........#...
...............
#.#......g..#
.........g..#
........g†..###..
.......@SS.......
........g...###..
.........####
.......#.#
.##.$.##.. ####
###. #


You could see 4 gnolls and 2 ball pythons.

Vanquished Creatures
  Natasha (thrice) (D:2)
  A dart slug (D:1)
  A ribbon worm (D:2)
  5 ball pythons
  A giant cockroach (D:2)
  6 goblins (D:1)
  3 hobgoblins (D:1)
  6 kobolds
  3 quokkas
  5 bats
  3 frilled lizards
  4 rats
41 creatures vanquished.

Notes
Turn   | Place    | Note
-------+----------+-------------------------------------------
     0 | D:1      | Vncvd the Spriggan Brigand began the quest for the Orb.
     0 | D:1      | Reached XP level 1. HP: 10/10 MP: 2/2
    45 | D:1      | Reached skill level 6 in Stealth
   103 | D:1      | Reached XP level 2. HP: 11/15 MP: 3/3
   359 | D:1      | Reached skill level 7 in Stealth
   383 | D:1      | Reached XP level 3. HP: 18/18 MP: 4/4
   815 | D:2      | Noticed Natasha
   821 | D:2      | Killed Natasha
  1190 | D:2      | Noticed Natasha
  1202 | D:2      | Killed Natasha
  1203 | D:2      | Reached skill level 8 in Stealth
  1203 | D:2      | Reached XP level 4. HP: 13/23 MP: 5/5
  1310 | D:2      | Noticed Natasha
  1322 | D:2      | Killed Natasha
  1519 | D:2      | Found a faded altar of an unknown god.
  1534 | D:2      | Prayed at the altar of an unknown god.
  1534 | D:2      | Became a worshipper of Jiyva Jilasisi the Shapeless
  1534 | D:2      | Reached * piety under Jiyva
  1572 | D:3      | Slain by a gnoll

Illustrated notes

Levels and vault maps discovered:
D:1:      evilmike_arrival_plus, layout_rooms, minivault_5
D:2:      layout_loops_ring, shapermc_ecumenical_altar_acropolis,
          minmay_misc_feat_room, lightli_corner_chamber, uniq_natasha
D:3:      minmay_goblin_kobold_castle, layout_rooms, wad_rectangle_vault

Skill      XL: |  1  2  3 |
---------------+----------+-----
Stealth        | 6 7 8 |  8.4
Short Blades   | 3 |  3.1
Fighting       | |  1.9
Throwing       | |  2.0
Dodging        | |  1.3

Action                     |  1- 3 |  4- 6 || total
---------------------------+-------+-------++-------
  Melee: Dagger            |    99 |    22 ||   121
         Punch             |     1 |     2 ||     3
   Stab: Sleeping          |    11 |       ||    11
         Distracted        |     1 |       ||     1
 Armour: Robe              |    38 |     9 ||    47
  Dodge: Dodged            |    54 |    16 ||    70
